Pick #1

Connor Bedard
Pick #2

Leo Carlsson
Pick #3

Adam Fantilli
Pick #4

Matvei Michkov
Pick #5

David Reinbacher
Pick #6

William Smith
Pick #7

Zachary Benson
Pick #8

Ryan Leonard
Pick #9

Gabriel Perreault
Pick #10

Axel Sandin-Pellika
Pick #11

Daniil But
Pick #12

Dalibor Dvorsky
Pick #13

Quentin Musty
Pick #14

Brayden Yager
Pick #15

Dmitry Simashev
Pick #16

Colby Barlow
Pick #17

Andrew Cristall
Pick #18

Easton Cowan
Pick #19

Jacob Fowler
Pick #20

Oliver Moore
Pick #21

Oliver Bonk
Pick #22

Tom Willander
Pick #23

Calum Ritchie
Pick #24

Tanner Molendyk
Pick #25

Gavin Brindley
Pick #26

Nate Danielson
Pick #27

Pick #28

Pick #29

Pick #30

Pick #31

Pick #32

Pick #33

Pick #34

Pick #35

Pick #36

Pick #37

Pick #38

Pick #39

Pick #40

Pick #41

Pick #42

Pick #43

Pick #44

Pick #45

Pick #46

Pick #47

Pick #48

Pick #49

Pick #50

Pick #51

Pick #52

Pick #53

Pick #54

Pick #55

Pick #56

Pick #57

Pick #58

Pick #59

Pick #60

Pick #61

Pick #62

Pick #63

Pick #64

Pick #65

Pick #66

Pick #67

Pick #68

Pick #69

Pick #70

Pick #71

Pick #72

Pick #73

Pick #74

Pick #75

Pick #76

Pick #77

Pick #78

Pick #79

Pick #80

Pick #81

Pick #82

Pick #83

Pick #84

Pick #85

Pick #86

Pick #87

Pick #88

Pick #89

Pick #90

Pick #91

Pick #92

Pick #93

Pick #94

Pick #95

Pick #96

Pick #97

Pick #98

Pick #99

Pick #100

Pick #101

Pick #102

Pick #103

Pick #104

Pick #105

Pick #106

Pick #107

Pick #108

Pick #109

Pick #110

Pick #111

Pick #112

Pick #113

Pick #114

Pick #115

Pick #116

Pick #117

Pick #118

Pick #119

Pick #120

Pick #121

Pick #122

Pick #123

Pick #124

Pick #125

Pick #126

Pick #127

Pick #128

Pick #129

Pick #130

Full Scoreboard »»

Flyers vs Oilers

Created - January 17, 2024 at 08:03

Goals
1 2 3 T
Flyers 0 2 1 3
Oilers 0 0 0 0
Shots
1 2 3 T
Flyers 19 11 9 39
Oilers 8 9 8 25

GoalsPenalties
1st period
No Goal
Ryan Johansen (EDM) for Tripping (Minor) at 17:13
2nd period
1. Flyers , Alex Galchenyuk 1 (Joel Farabee 9, Dante Fabbro 6) at 11:49
2. Flyers , Jake DeBrusk 5 (Johnny Gaudreau 17, Victor Hedman 23) at 13:07
Dante Fabbro (PHI) for Charging (Minor) at 2:50
Vince Dunn (PHI) for Interference (Minor) at 19:29
3rd period
3. Flyers , Alex Galchenyuk 2 (Joel Farabee 10, Brandon Tanev 7) at 14:20
Jake DeBrusk (PHI) for Tripping (Minor) at 5:58
Jakob Silfverberg (EDM) for Roughing (Minor) at 8:00
Goalie Stats
Linus Ullmark (PHI), 25 saves from 25 shots - (1.000), W, 21-13-3, 60:00 minutes
Philipp Grubauer (EDM), 36 saves from 39 shots - (0.923), L, 12-6-0, 60:00 minutes
3 StarsOfficial
1 - Linus Ullmark (PHI)
2 - Alex Galchenyuk (PHI)
3 - Joel Farabee (PHI)
Referees : Terry Koharski and Chris Rooney
Linesman : Scott Driscoll and Matt Brady
Game Note
No Game Note
Finance
Level 1 -- Attendance: 6500 (100.00%) -- Ticket Income $793,000
Level 2 -- Attendance: 3646 (72.92%) -- Ticket Income $342,724
Level 3 -- Attendance: 2611 (74.60%) -- Ticket Income $195,825
Level 4 -- Attendance: 839 (100.00%) -- Ticket Income $61,247
Luxury Box -- Attendance: 1000 (100.00%) -- Ticket Income $232,000
Game was played at the Rexall Place.
Total Attendance: 14596 (86.68%)
Total Ticket Income: $1,624,796
Other Income: $406,199
Total Income: $2,030,995



Team Name Goals Shots Shots Attemp Shots Blocked PIM HIT PP PK FO%
Flyers 3397926140 / 2 (0%)052%
Oilers 02534134250 / 3 (0%)048%

Flyers
Player Name POS G A P +/- PIM HIT SHT SB MP PP MP PP SHT PK MP PK SHT FO% FOT
Aaron EkbladD0000015022:271:5923:0210% 0
Alex GalchenyukC2022004011:210:0000:32073% 11
Alex PietrangeloD0001002023:491:5922:5500% 0
Brandon TanevLW0112021016:501:5404:07067% 6
Calle JarnkrokC0000021016:180:0000:00033% 18
Chris TanevD0002020014:390:0000:5500% 0
Dante FabbroD0112211013:430:0000:0000% 0
Eetu LuostarinenC0001027017:532:0400:22052% 23
Eric StaalC000000007:310:0000:000100% 1
Fabian ZetterlundLW000000007:310:0000:0000% 0
Jake DeBruskLW1011201017:302:0400:00050% 2
Jared McCannLW0000006019:401:5411:28050% 2
Joel FarabeeLW0222002012:532:0400:0000% 1
Johnny GaudreauLW0111024021:181:5403:57042% 12
Sam LaffertyC000000007:310:0000:00071% 7
Victor HedmanD0111011223:491:5902:5500% 0
Vince DunnD0000211019:320:0002:0700% 0
William NylanderRW0000003019:451:5911:280100% 1
Oilers
Player Name POS G A P +/- PIM HIT SHT SB MP PP MP PP SHT PK MP PK SHT FO% FOT
Adam LowryC0000070015:470:0002:16058% 19
Alexander BarabanovLW0000001015:270:0001:5600% 1
Brandon HagelLW000-1011015:443:1900:000100% 1
Brock BoeserRW000-1011015:443:1900:0000% 0
Cole PerfettiC0000001014:452:3800:000100% 1
Dylan StromeC000-1002015:132:3800:10052% 21
Jakob SilfverbergRW000-2203113:030:0001:0200% 2
Jakub VoracekRW000-2002012:020:0000:0000% 1
Jamie DrysdaleD0000000320:322:1802:0400% 0
Josh BaileyRW0000005017:103:3940:0000% 1
Mattias SamuelssonD0000021320:322:1812:0400% 0
Ondrej PalatLW0000033014:452:3810:0000% 0
Paul StastnyC000-2022014:340:0002:32063% 16
Ryan JohansenC0000223015:253:1900:00029% 21
Ryan PulockD0000000022:293:3901:5100% 0
Scott MayfieldD000-3040216:590:0000:0300% 0
Troy StecherD000-3020116:560:0000:0000% 0
Vladislav GavrikovD0000010318:530:0001:5400% 0



Play-by-Play

1st period


0:01 of 1st period - Calle Jarnkrok wins face-off versus Dylan Strome in neutral zone.
0:23 of 1st period - Icing by Dylan Strome.
0:24 of 1st period - Eetu Luostarinen wins face-off versus Dylan Strome in Oilers zone.
1:07 of 1st period - Jake DeBrusk is hit by Brandon Hagel and loses puck.
1:27 of 1st period - Icing by Vladislav Gavrikov.
1:28 of 1st period - Sam Lafferty wins face-off versus Dylan Strome in Oilers zone.
2:31 of 1st period - Calle Jarnkrok is hit by Ryan Johansen and loses puck.
2:38 of 1st period - Shot by Jared McCann.
2:38 of 1st period - Stopped by Philipp Grubauer without a rebound.
2:39 of 1st period - Alex Galchenyuk wins face-off versus Alexander Barabanov in Oilers zone.
3:03 of 1st period - Icing by Troy Stecher.
3:04 of 1st period - Calle Jarnkrok wins face-off versus Adam Lowry in Oilers zone.
3:04 of 1st period - Calle Jarnkrok is hit by Scott Mayfield.
3:06 of 1st period - Shot by Dante Fabbro.
3:06 of 1st period - Stopped by Philipp Grubauer without a rebound.
3:07 of 1st period - Paul Stastny wins face-off versus Calle Jarnkrok in Oilers zone.
3:20 of 1st period - Shot by Paul Stastny.
3:20 of 1st period - Stopped by Linus Ullmark with a rebound.
3:22 of 1st period - Shot by Jakob Silfverberg.
3:22 of 1st period - Stopped by Linus Ullmark with a rebound.
3:34 of 1st period - Shot by Jakub Voracek.
3:34 of 1st period - Stopped by Linus Ullmark without a rebound.
3:35 of 1st period - Ryan Johansen wins face-off versus Eetu Luostarinen in Flyers zone.
3:40 of 1st period - Shot by Ondrej Palat.
3:40 of 1st period - Stopped by Linus Ullmark without a rebound.
3:41 of 1st period - Jake DeBrusk wins face-off versus Adam Lowry in Flyers zone.
3:41 of 1st period - Jake DeBrusk is hit by Adam Lowry.
3:51 of 1st period - Scott Mayfield is hit by Eetu Luostarinen and loses puck.
4:27 of 1st period - Icing by Alex Pietrangelo.
4:28 of 1st period - Eetu Luostarinen wins face-off versus Paul Stastny in Flyers zone.
4:30 of 1st period - Icing by Alex Pietrangelo.
4:31 of 1st period - Eetu Luostarinen wins face-off versus Ryan Johansen in Flyers zone.
4:59 of 1st period - Cole Perfetti is hit by Vince Dunn and loses puck.
5:10 of 1st period - Shot by Jared McCann.
5:10 of 1st period - Shot Misses the Net.
5:12 of 1st period - Shot by Vince Dunn.
5:12 of 1st period - Shot Misses the Net.
5:14 of 1st period - Shot by Jared McCann.
5:14 of 1st period - Stopped by Philipp Grubauer without a rebound.
5:15 of 1st period - Alex Galchenyuk wins face-off versus Jakob Silfverberg in Oilers zone.
5:22 of 1st period - Alex Galchenyuk is hit by Troy Stecher and loses puck.
5:47 of 1st period - Alex Galchenyuk is hit by Scott Mayfield and loses puck.
5:50 of 1st period - Shot by Joel Farabee.
5:50 of 1st period - Shot Misses the Net.
5:52 of 1st period - Shot by Joel Farabee.
5:52 of 1st period - Stopped by Philipp Grubauer with a rebound.
5:54 of 1st period - Shot by Brandon Tanev.
5:54 of 1st period - Shot Blocked by Scott Mayfield.
5:56 of 1st period - Shot by Brandon Tanev.
5:56 of 1st period - Stopped by Philipp Grubauer without a rebound.
5:57 of 1st period - Adam Lowry wins face-off versus Calle Jarnkrok in Oilers zone.
6:27 of 1st period - Shot by Calle Jarnkrok.
6:27 of 1st period - Deflect By Jared McCann.
6:27 of 1st period - Shot Blocked by Vladislav Gavrikov.
6:37 of 1st period - Shot by Jared McCann.
6:37 of 1st period - Stopped by Philipp Grubauer without a rebound.
6:38 of 1st period - Cole Perfetti wins face-off versus Eetu Luostarinen in Oilers zone.
6:38 of 1st period - Cole Perfetti is hit by Eetu Luostarinen.
6:43 of 1st period - Off-side.
6:44 of 1st period - Paul Stastny wins face-off versus Eetu Luostarinen in neutral zone.
7:45 of 1st period - Shot by Ryan Johansen.
7:45 of 1st period - Stopped by Linus Ullmark with a rebound.
8:13 of 1st period - Shot by Ryan Johansen.
8:13 of 1st period - Deflect By Ondrej Palat.
8:13 of 1st period - Shot Misses the Net.
9:11 of 1st period - Brandon Tanev is hit by Adam Lowry and loses puck.
9:55 of 1st period - Off-side.
9:56 of 1st period - Sam Lafferty wins face-off versus Dylan Strome in neutral zone.
10:18 of 1st period - Icing by Brandon Hagel.
10:19 of 1st period - Johnny Gaudreau wins face-off versus Dylan Strome in Oilers zone.
10:56 of 1st period - Shot by Eetu Luostarinen.
10:56 of 1st period - Shot Misses the Net.
11:16 of 1st period - Shot by Jared McCann.
11:16 of 1st period - Deflect By Calle Jarnkrok.
11:16 of 1st period - Shot Misses the Net.
11:18 of 1st period - Shot by Calle Jarnkrok.
11:18 of 1st period - Shot Hit the Post.
11:20 of 1st period - Shot by Alex Pietrangelo.
11:20 of 1st period - Shot Misses the Net.
11:28 of 1st period - Shot by Jared McCann.
11:28 of 1st period - Stopped by Philipp Grubauer without a rebound.
11:29 of 1st period - Alex Galchenyuk wins face-off versus Ryan Johansen in Oilers zone.
11:53 of 1st period - Mattias Samuelsson is hit by Dante Fabbro and loses puck.
12:04 of 1st period - Shot by Alex Galchenyuk.
12:04 of 1st period - Stopped by Philipp Grubauer without a rebound.
12:05 of 1st period - William Nylander wins face-off versus Jakub Voracek in Oilers zone.
12:09 of 1st period - Calle Jarnkrok is hit by Vladislav Gavrikov and loses puck.
12:12 of 1st period - Shot by Jared McCann.
12:12 of 1st period - Stopped by Philipp Grubauer with a rebound.
12:14 of 1st period - Shot by Calle Jarnkrok.
12:14 of 1st period - Stopped by Philipp Grubauer without a rebound.
12:15 of 1st period - Adam Lowry wins face-off versus Eetu Luostarinen in Oilers zone.
12:15 of 1st period - Adam Lowry is hit by Johnny Gaudreau.
12:25 of 1st period - Shot by Josh Bailey.
12:25 of 1st period - Stopped by Linus Ullmark without a rebound.
12:26 of 1st period - Calle Jarnkrok wins face-off versus Paul Stastny in Flyers zone.
12:28 of 1st period - Vince Dunn is hit by Paul Stastny and loses puck.
12:45 of 1st period - Shot by Aaron Ekblad.
12:45 of 1st period - Stopped by Philipp Grubauer without a rebound.
12:46 of 1st period - Eetu Luostarinen wins face-off versus Ryan Johansen in Oilers zone.
13:03 of 1st period - Shot by Eetu Luostarinen.
13:03 of 1st period - Stopped by Philipp Grubauer without a rebound.
13:04 of 1st period - Adam Lowry wins face-off versus Calle Jarnkrok in Oilers zone.
13:44 of 1st period - Shot by Jared McCann.
13:44 of 1st period - Shot Blocked by Jamie Drysdale.
13:46 of 1st period - Shot by William Nylander.
13:46 of 1st period - Stopped by Philipp Grubauer without a rebound.
13:47 of 1st period - Paul Stastny wins face-off versus Sam Lafferty in Oilers zone.
14:24 of 1st period - Shot by Jakob Silfverberg.
14:24 of 1st period - Stopped by Linus Ullmark without a rebound.
14:25 of 1st period - Eetu Luostarinen wins face-off versus Ryan Johansen in Flyers zone.
14:31 of 1st period - Shot by Johnny Gaudreau.
14:31 of 1st period - Shot Misses the Net.
14:33 of 1st period - Shot by Jake DeBrusk.
14:33 of 1st period - Shot Blocked by Troy Stecher.
14:53 of 1st period - Shot by Eetu Luostarinen.
14:53 of 1st period - Stopped by Philipp Grubauer without a rebound.
14:54 of 1st period - Alex Galchenyuk wins face-off versus Josh Bailey in Oilers zone.
15:27 of 1st period - Shot by Joel Farabee.
15:27 of 1st period - Shot Blocked by Mattias Samuelsson.
16:06 of 1st period - Shot by Jakub Voracek.
16:06 of 1st period - Stopped by Linus Ullmark without a rebound.
16:07 of 1st period - Ryan Johansen wins face-off versus Calle Jarnkrok in Flyers zone.
16:13 of 1st period - Icing by Calle Jarnkrok.
16:14 of 1st period - Dylan Strome wins face-off versus Calle Jarnkrok in Flyers zone.
17:10 of 1st period - Icing by Alex Pietrangelo.
17:11 of 1st period - Calle Jarnkrok wins face-off versus Ryan Johansen in Flyers zone.
17:13 of 1st period - Minor Penalty to Ryan Johansen for Tripping.
17:14 of 1st period - Eetu Luostarinen wins face-off versus Adam Lowry in Oilers zone.
17:21 of 1st period - Shot by Alex Pietrangelo.
17:21 of 1st period - Stopped by Philipp Grubauer without a rebound.
17:22 of 1st period - Eetu Luostarinen wins face-off versus Jakob Silfverberg in Oilers zone.
17:31 of 1st period - Shot by Aaron Ekblad.
17:31 of 1st period - Shot Misses the Net.
17:33 of 1st period - Shot by Alex Pietrangelo.
17:33 of 1st period - Shot Misses the Net.
17:35 of 1st period - Shot by Eetu Luostarinen.
17:35 of 1st period - Shot Blocked by Jamie Drysdale.
17:37 of 1st period - Shot by Alex Pietrangelo.
17:37 of 1st period - Shot Blocked by Jamie Drysdale.
17:39 of 1st period - Shot by Aaron Ekblad.
17:39 of 1st period - Shot Misses the Net.
17:41 of 1st period - Shot by Aaron Ekblad.
17:41 of 1st period - Shot Blocked by Mattias Samuelsson.
17:43 of 1st period - Shot by Alex Pietrangelo.
17:43 of 1st period - Shot Blocked by Mattias Samuelsson.
17:49 of 1st period - Shot by Aaron Ekblad.
17:49 of 1st period - Stopped by Philipp Grubauer without a rebound.
17:50 of 1st period - Adam Lowry wins face-off versus Brandon Tanev in Oilers zone.
17:56 of 1st period - Icing by Victor Hedman.
17:57 of 1st period - Brandon Tanev wins face-off versus Adam Lowry in Flyers zone.
18:01 of 1st period - Johnny Gaudreau is hit by Adam Lowry and loses puck.
18:40 of 1st period - Shot by William Nylander.
18:40 of 1st period - Stopped by Philipp Grubauer with a rebound.
18:42 of 1st period - Shot by Victor Hedman.
18:42 of 1st period - Shot Blocked by Vladislav Gavrikov.
18:52 of 1st period - Shot by Alex Pietrangelo.
18:52 of 1st period - Stopped by Philipp Grubauer without a rebound.
18:53 of 1st period - Eetu Luostarinen wins face-off versus Paul Stastny in Oilers zone.
19:08 of 1st period - Shot by Aaron Ekblad.
19:08 of 1st period - Stopped by Philipp Grubauer without a rebound.
19:09 of 1st period - Paul Stastny wins face-off versus Eetu Luostarinen in Oilers zone.
Goals for this period are 0 for Flyers vs 0 for Oilers.
Shots for this period are 19 for Flyers vs 8 for Oilers.

2nd period


0:01 of 2nd period - Ryan Johansen wins face-off versus Eetu Luostarinen in neutral zone.
0:04 of 2nd period - Jake DeBrusk is hit by Ondrej Palat and loses puck.
0:17 of 2nd period - Shot by Eetu Luostarinen.
0:17 of 2nd period - Stopped by Philipp Grubauer without a rebound.
0:18 of 2nd period - Paul Stastny wins face-off versus Calle Jarnkrok in Oilers zone.
0:25 of 2nd period - Aaron Ekblad is hit by Paul Stastny.
0:55 of 2nd period - Shot by Jared McCann.
0:55 of 2nd period - Shot Misses the Net.
0:57 of 2nd period - Shot by Calle Jarnkrok.
0:57 of 2nd period - Shot Blocked by Jakob Silfverberg.
0:59 of 2nd period - Shot by Calle Jarnkrok.
0:59 of 2nd period - Deflect By William Nylander.
0:59 of 2nd period - Shot Misses the Net.
1:14 of 2nd period - Icing by Vince Dunn.
1:15 of 2nd period - Ryan Johansen wins face-off versus Calle Jarnkrok in Flyers zone.
1:28 of 2nd period - Shot by Ondrej Palat.
1:28 of 2nd period - Stopped by Linus Ullmark with a rebound.
1:54 of 2nd period - Icing by Victor Hedman.
1:55 of 2nd period - Adam Lowry wins face-off versus Eetu Luostarinen in Flyers zone.
1:55 of 2nd period - Adam Lowry is hit by Victor Hedman.
2:50 of 2nd period - Minor Penalty to Dante Fabbro for Charging.
2:51 of 2nd period - Ryan Johansen wins face-off versus Johnny Gaudreau in Flyers zone.
3:10 of 2nd period - Shot by Brock Boeser.
3:10 of 2nd period - Shot Blocked by Victor Hedman.
3:12 of 2nd period - Shot by Mattias Samuelsson.
3:12 of 2nd period - Shot Misses the Net.
4:14 of 2nd period - Shot by Josh Bailey.
4:14 of 2nd period - Stopped by Linus Ullmark without a rebound.
4:15 of 2nd period - Dylan Strome wins face-off versus Johnny Gaudreau in Flyers zone.
4:18 of 2nd period - Shot by Josh Bailey.
4:18 of 2nd period - Stopped by Linus Ullmark without a rebound.
4:19 of 2nd period - Dylan Strome wins face-off versus Johnny Gaudreau in Flyers zone.
4:32 of 2nd period - Shot by Ondrej Palat.
4:32 of 2nd period - Deflect By Dylan Strome.
4:32 of 2nd period - Shot Misses the Net.
4:34 of 2nd period - Shot by Josh Bailey.
4:34 of 2nd period - Stopped by Linus Ullmark without a rebound.
4:35 of 2nd period - Dylan Strome wins face-off versus Jared McCann in Flyers zone.
4:44 of 2nd period - Shot by Dylan Strome.
4:44 of 2nd period - Shot Misses the Net.
4:46 of 2nd period - Shot by Ondrej Palat.
4:46 of 2nd period - Deflect By Dylan Strome.
4:46 of 2nd period - Shot Misses the Net.
4:48 of 2nd period - Shot by Ondrej Palat.
4:48 of 2nd period - Stopped by Linus Ullmark without a rebound.
4:49 of 2nd period - Brandon Tanev wins face-off versus Ryan Johansen in Flyers zone.
5:59 of 2nd period - Icing by Fabian Zetterlund.
6:00 of 2nd period - Sam Lafferty wins face-off versus Ryan Johansen in Flyers zone.
6:41 of 2nd period - Shot by Johnny Gaudreau.
6:41 of 2nd period - Shot Misses the Net.
6:43 of 2nd period - Shot by Alex Pietrangelo.
6:43 of 2nd period - Shot Misses the Net.
6:45 of 2nd period - Shot by Eetu Luostarinen.
6:45 of 2nd period - Stopped by Philipp Grubauer without a rebound.
6:46 of 2nd period - Dylan Strome wins face-off versus Calle Jarnkrok in Oilers zone.
7:34 of 2nd period - Off-side.
7:35 of 2nd period - Adam Lowry wins face-off versus Jake DeBrusk in neutral zone.
7:48 of 2nd period - Shot by Ryan Pulock.
7:48 of 2nd period - Shot Misses the Net.
8:06 of 2nd period - Shot by Victor Hedman.
8:06 of 2nd period - Stopped by Philipp Grubauer with a rebound.
8:18 of 2nd period - Shot by Johnny Gaudreau.
8:18 of 2nd period - Stopped by Philipp Grubauer without a rebound.
8:19 of 2nd period - Alex Galchenyuk wins face-off versus Ryan Johansen in Oilers zone.
8:57 of 2nd period - Brandon Tanev is hit by Ondrej Palat and loses puck.
9:35 of 2nd period - Shot by Aaron Ekblad.
9:35 of 2nd period - Stopped by Philipp Grubauer without a rebound.
9:36 of 2nd period - Dylan Strome wins face-off versus Eetu Luostarinen in Oilers zone.
10:09 of 2nd period - Shot by Brock Boeser.
10:09 of 2nd period - Shot Blocked by Victor Hedman.
11:47 of 2nd period - Shot by Joel Farabee.
11:47 of 2nd period - Shot Misses the Net.
11:49 of 2nd period - Shot by Alex Galchenyuk.
11:49 of 2nd period - Goal by Alex Galchenyuk - Flyers : 1 - Oilers : 0.
11:50 of 2nd period - Sam Lafferty wins face-off versus Ryan Johansen in neutral zone.
11:58 of 2nd period - Icing by Vladislav Gavrikov.
11:59 of 2nd period - Sam Lafferty wins face-off versus Ryan Johansen in Oilers zone.
12:08 of 2nd period - Eric Staal is hit by Ryan Johansen and loses puck.
12:27 of 2nd period - Shot by Cole Perfetti.
12:27 of 2nd period - Stopped by Linus Ullmark without a rebound.
12:28 of 2nd period - Paul Stastny wins face-off versus Johnny Gaudreau in Flyers zone.
13:05 of 2nd period - Shot by Johnny Gaudreau.
13:05 of 2nd period - Shot Blocked by Scott Mayfield.
13:07 of 2nd period - Shot by Jake DeBrusk.
13:07 of 2nd period - Goal by Jake DeBrusk - Flyers : 2 - Oilers : 0.
13:08 of 2nd period - Dylan Strome wins face-off versus Calle Jarnkrok in neutral zone.
13:51 of 2nd period - Shot by William Nylander.
13:51 of 2nd period - Shot Misses the Net.
14:17 of 2nd period - Josh Bailey is hit by Brandon Tanev and loses puck.
14:24 of 2nd period - Shot by Joel Farabee.
14:24 of 2nd period - Stopped by Philipp Grubauer without a rebound.
14:25 of 2nd period - Paul Stastny wins face-off versus Johnny Gaudreau in Oilers zone.
14:50 of 2nd period - Shot by Johnny Gaudreau.
14:50 of 2nd period - Stopped by Philipp Grubauer without a rebound.
14:51 of 2nd period - Brandon Tanev wins face-off versus Ryan Johansen in Oilers zone.
15:52 of 2nd period - Mattias Samuelsson is hit by Brandon Tanev and loses puck.
16:37 of 2nd period - Shot by Eetu Luostarinen.
16:37 of 2nd period - Stopped by Philipp Grubauer with a rebound.
16:39 of 2nd period - Shot by Eetu Luostarinen.
16:39 of 2nd period - Stopped by Philipp Grubauer without a rebound.
16:40 of 2nd period - Adam Lowry wins face-off versus Calle Jarnkrok in Oilers zone.
17:05 of 2nd period - Shot by William Nylander.
17:05 of 2nd period - Shot Misses the Net.
17:08 of 2nd period - Calle Jarnkrok is hit by Scott Mayfield.
17:29 of 2nd period - Scott Mayfield is hit by Calle Jarnkrok.
18:06 of 2nd period - Victor Hedman is hit by Brock Boeser and loses puck.
18:25 of 2nd period - Shot by Vladislav Gavrikov.
18:25 of 2nd period - Deflect By Brock Boeser.
18:25 of 2nd period - Stopped by Linus Ullmark without a rebound.
18:26 of 2nd period - Eric Staal wins face-off versus Paul Stastny in Flyers zone.
18:55 of 2nd period - Shot by Paul Stastny.
18:55 of 2nd period - Stopped by Linus Ullmark without a rebound.
18:56 of 2nd period - Alex Galchenyuk wins face-off versus Ryan Johansen in Flyers zone.
19:00 of 2nd period - Icing by Joel Farabee.
19:01 of 2nd period - Dylan Strome wins face-off versus Alex Galchenyuk in Flyers zone.
19:29 of 2nd period - Minor Penalty to Vince Dunn for Interference.
19:30 of 2nd period - Dylan Strome wins face-off versus Johnny Gaudreau in Flyers zone.
19:31 of 2nd period - Shot by Jamie Drysdale.
19:31 of 2nd period - Shot Misses the Net.
19:45 of 2nd period - Shot by Mattias Samuelsson.
19:45 of 2nd period - Stopped by Linus Ullmark without a rebound.
19:46 of 2nd period - Brandon Hagel wins face-off versus Johnny Gaudreau in Flyers zone.
Goals for this period are 2 for Flyers vs 0 for Oilers.
Shots for this period are 11 for Flyers vs 9 for Oilers.

3rd period


0:01 of 3rd period - Johnny Gaudreau wins face-off versus Dylan Strome in neutral zone.
0:13 of 3rd period - Josh Bailey is hit by Aaron Ekblad.
2:03 of 3rd period - Icing by Scott Mayfield.
2:04 of 3rd period - Calle Jarnkrok wins face-off versus Paul Stastny in Oilers zone.
2:21 of 3rd period - Shot by Jakob Silfverberg.
2:21 of 3rd period - Stopped by Linus Ullmark without a rebound.
2:22 of 3rd period - Adam Lowry wins face-off versus Joel Farabee in Flyers zone.
3:08 of 3rd period - Icing by Jamie Drysdale.
3:09 of 3rd period - Adam Lowry wins face-off versus Eetu Luostarinen in Oilers zone.
5:08 of 3rd period - Shot by Alex Galchenyuk.
5:08 of 3rd period - Stopped by Philipp Grubauer without a rebound.
5:09 of 3rd period - Paul Stastny wins face-off versus Sam Lafferty in Oilers zone.
5:25 of 3rd period - Eric Staal is hit by Mattias Samuelsson.
5:58 of 3rd period - Minor Penalty to Jake DeBrusk for Tripping.
5:59 of 3rd period - Johnny Gaudreau wins face-off versus Dylan Strome in Flyers zone.
5:59 of 3rd period - Johnny Gaudreau is hit by Ondrej Palat.
6:20 of 3rd period - Icing by Ryan Pulock.
6:21 of 3rd period - Johnny Gaudreau wins face-off versus Dylan Strome in Oilers zone.
6:22 of 3rd period - Shot by Aaron Ekblad.
6:22 of 3rd period - Stopped by Philipp Grubauer without a rebound.
6:23 of 3rd period - Johnny Gaudreau wins face-off versus Ryan Johansen in Oilers zone.
6:40 of 3rd period - Shot by Josh Bailey.
6:40 of 3rd period - Stopped by Linus Ullmark with a rebound.
7:09 of 3rd period - Icing by Ryan Pulock.
7:10 of 3rd period - Jared McCann wins face-off versus Ryan Johansen in Oilers zone.
8:00 of 3rd period - Minor Penalty to Jakob Silfverberg for Roughing.
8:01 of 3rd period - Adam Lowry wins face-off versus Eetu Luostarinen in Oilers zone.
8:06 of 3rd period - Victor Hedman is hit by Adam Lowry.
8:27 of 3rd period - Shot by Joel Farabee.
8:27 of 3rd period - Shot Misses the Net.
9:17 of 3rd period - Icing by Brandon Tanev.
9:18 of 3rd period - Paul Stastny wins face-off versus Brandon Tanev in Flyers zone.
9:36 of 3rd period - Shot by Jared McCann.
9:36 of 3rd period - Stopped by Philipp Grubauer with a rebound.
9:40 of 3rd period - Shot by Alex Pietrangelo.
9:40 of 3rd period - Shot Misses the Net.
9:58 of 3rd period - Shot by William Nylander.
9:58 of 3rd period - Shot Misses the Net.
10:07 of 3rd period - Ryan Johansen is hit by Chris Tanev and loses puck.
10:19 of 3rd period - Scott Mayfield is hit by Chris Tanev and loses puck.
11:46 of 3rd period - Shot by Brandon Hagel.
11:46 of 3rd period - Stopped by Linus Ullmark without a rebound.
11:47 of 3rd period - Eetu Luostarinen wins face-off versus Adam Lowry in Flyers zone.
11:47 of 3rd period - Eetu Luostarinen is hit by Adam Lowry.
11:59 of 3rd period - Shot by Eetu Luostarinen.
11:59 of 3rd period - Deflect By Johnny Gaudreau.
11:59 of 3rd period - Stopped by Philipp Grubauer with a rebound.
12:09 of 3rd period - Shot by Eetu Luostarinen.
12:09 of 3rd period - Stopped by Philipp Grubauer without a rebound.
12:10 of 3rd period - Alex Galchenyuk wins face-off versus Paul Stastny in Oilers zone.
12:10 of 3rd period - Dante Fabbro is hit by Mattias Samuelsson and loses puck.
12:58 of 3rd period - Icing by Jakob Silfverberg.
12:59 of 3rd period - Paul Stastny wins face-off versus Eetu Luostarinen in Oilers zone.
12:59 of 3rd period - Paul Stastny is hit by Johnny Gaudreau.
14:00 of 3rd period - Shot by Jared McCann.
14:00 of 3rd period - Deflect By William Nylander.
14:00 of 3rd period - Shot Misses the Net.
14:02 of 3rd period - Shot by Jared McCann.
14:02 of 3rd period - Shot Misses the Net.
14:04 of 3rd period - Shot by Calle Jarnkrok.
14:04 of 3rd period - Shot Misses the Net.
14:06 of 3rd period - Shot by William Nylander.
14:06 of 3rd period - Stopped by Philipp Grubauer with a rebound.
14:08 of 3rd period - Shot by Aaron Ekblad.
14:08 of 3rd period - Shot Blocked by Vladislav Gavrikov.
14:10 of 3rd period - Shot by Aaron Ekblad.
14:10 of 3rd period - Shot Misses the Net.
14:12 of 3rd period - Shot by Vince Dunn.
14:12 of 3rd period - Stopped by Philipp Grubauer without a rebound.
14:13 of 3rd period - Brandon Tanev wins face-off versus Dylan Strome in Oilers zone.
14:18 of 3rd period - Shot by Joel Farabee.
14:18 of 3rd period - Deflect By Alex Galchenyuk.
14:18 of 3rd period - Shot Misses the Net.
14:20 of 3rd period - Shot by Alex Galchenyuk.
14:20 of 3rd period - Goal by Alex Galchenyuk - Flyers : 3 - Oilers : 0.
14:21 of 3rd period - Alex Galchenyuk wins face-off versus Dylan Strome in neutral zone.
14:28 of 3rd period - Shot by Brandon Tanev.
14:28 of 3rd period - Shot Misses the Net.
14:34 of 3rd period - Shot by Dylan Strome.
14:34 of 3rd period - Stopped by Linus Ullmark without a rebound.
14:35 of 3rd period - Adam Lowry wins face-off versus Calle Jarnkrok in Flyers zone.
15:19 of 3rd period - Shot by Alexander Barabanov.
15:19 of 3rd period - Stopped by Linus Ullmark without a rebound.
15:20 of 3rd period - Eetu Luostarinen wins face-off versus Ryan Johansen in Flyers zone.
15:55 of 3rd period - Shot by Ryan Johansen.
15:55 of 3rd period - Stopped by Linus Ullmark without a rebound.
15:56 of 3rd period - Dylan Strome wins face-off versus Alex Galchenyuk in Flyers zone.
15:59 of 3rd period - Shot by Brock Boeser.
15:59 of 3rd period - Deflect By Dylan Strome.
15:59 of 3rd period - Stopped by Linus Ullmark without a rebound.
16:00 of 3rd period - Dylan Strome wins face-off versus Calle Jarnkrok in Flyers zone.
16:23 of 3rd period - Ryan Pulock is hit by Calle Jarnkrok and loses puck.
17:19 of 3rd period - Icing by Vince Dunn.
17:20 of 3rd period - Eetu Luostarinen wins face-off versus Adam Lowry in Flyers zone.
17:29 of 3rd period - Shot by Jake DeBrusk.
17:29 of 3rd period - Deflect By Johnny Gaudreau.
17:29 of 3rd period - Stopped by Philipp Grubauer without a rebound.
17:30 of 3rd period - Ryan Johansen wins face-off versus Alex Galchenyuk in Oilers zone.
18:04 of 3rd period - Shot by Ryan Johansen.
18:04 of 3rd period - Stopped by Linus Ullmark without a rebound.
18:05 of 3rd period - Eetu Luostarinen wins face-off versus Adam Lowry in Flyers zone.
18:05 of 3rd period - Eetu Luostarinen is hit by Adam Lowry.
18:10 of 3rd period - Victor Hedman is hit by Scott Mayfield.
18:35 of 3rd period - Icing by Scott Mayfield.
18:36 of 3rd period - Calle Jarnkrok wins face-off versus Adam Lowry in Oilers zone.
18:55 of 3rd period - William Nylander is hit by Adam Lowry and loses puck.
19:13 of 3rd period - Jared McCann is hit by Troy Stecher and loses puck.
Goals for this period are 1 for Flyers vs 0 for Oilers.
Shots for this period are 9 for Flyers vs 8 for Oilers.